 Dungeon Crawl Stone Soup version 0.29-a0-364-g921d912d32 (webtiles) character file.

Game seed: 10366637186213896351

12119 spiderkeys the Fighter (level 11, 0/87 HPs)
             Began as a Mummy Abyssal Knight on Apr 30, 2022.
             Was a Priest of Lugonu.
             Slain by a wraith (11 damage)
             ... led by Josephine
             ... on level 10 of the Dungeon on May 1, 2022.
             The game lasted 00:25:12 (15095 turns).

spiderkeys the Fighter (Mummy Abyssal Knight)      Turns: 15095, Time: 00:25:12

Health: 0/87       AC:  9    Str: 16    XL:     11   Next: 58%
Magic:  23/23      EV: 13    Int: 28    God:    Lugonu [***...]
Gold:   383        SH:  0    Dex: 13    Spells: 19/26 levels left

rFire   x . .      SeeInvis +   m - +4 broad axe of Havoc {speed, Int+5}
rCold   + + .      Faith    .   (no shield)
rNeg    + + +      Spirit   .   f - +0 ring mail {rC+}
rPois   ∞          Reflect  .   M - +1 helmet of the Moon Troll {Int+3}
rElec   .          Harm     .   (no cloak)
rCorr   .          Rampage  .   k - +0 pair of gloves
Will    +....                   l - +0 pair of boots
Stlth   +.........              q - amulet of magic regeneration
HPRegen 0.24/turn               v - ring of see invisible
MPRegen 0.58/turn               I - +6 ring of intelligence

@: slowed, very slow
A: cold resistance 1, negative energy resistance 3, torment resistance 2, heat
vulnerability 1, in touch with death 1, no potions
a: Renounce Religion, Depart the Abyss, Bend Space, Banish


You were on level 10 of the Dungeon.
You worshipped Lugonu.
Lugonu was most pleased with you.
You visited 1 branch of the dungeon, and saw 10 of its levels.
You visited the Abyss 2 times.

You collected 545 gold pieces.
You spent 162 gold pieces at shops.


Innate Abilities, Weirdness & Mutations

You are immune to poison.
Your flesh is cold resistant. (rC+)
You are immune to negative energy. (rN+++)
You are immune to unholy pain and torment.
You are vulnerable to heat. (rF-)
You are in touch with the powers of death.
You do not drink.


   Skills:
 + Level 8.4 Fighting
 + Level 6.3(6.5) Axes
 - Level 2.1(4.5) Polearms
 - Level 1.5 Armour
 + Level 6.6 Dodging
 + Level 8.1 Spellcasting
 + Level 6.0 Summonings
 + Level 7.4 Invocations


You had 19 spell levels left.
You knew the following spells:

 Your Spells              Type           Power      Damage    Failure   Level
f - Frozen Ramparts       Ice            22%        1d4       26%         3
s - Summon Ice Beast      Ice/Summ       28%        N/A       26%         4

Your spell library contained the following spells:

 Spells                   Type           Power      Damage    Failure   Level
 Gell's Gravitas          Tloc           11%        N/A       26%         3
 Lesser Beckoning         Tloc           11%        N/A       26%         3
 Stone Arrow              Conj/Erth      22%        3d8       26%         3
 Teleport Other           Tloc           11%        N/A       26%         3
 Animate Armour           Summ/Erth      56%        N/A       26%         4
 Lehudib's Crystal Spear  Conj/Erth      5%         10d3      100%        8
 Ice Form                 Ice/Tmut       Unusable   N/A       N/A         4

Inventory:

Hand Weapons
 a - a +2 spear
 m - the +4 broad axe of Havoc (weapon) {speed, Int+5}
   (You found it on level 3 of the Dungeon)

   Attacks with this weapon are significantly faster.
   Int:       It affects your intelligence (+5).
Missiles
 e - 209 stones
 i - 5 throwing nets {=f!f}
 j - 35 poisoned darts
 r - 6 boomerangs
 E - 4 javelins
 R - 5 datura-tipped darts
Armour
 f - a +0 ring mail of cold resistance (worn)
   (You found it on level 1 of the Dungeon)
 g - a +2 helmet
   (You found it on level 3 of the Dungeon)
 k - a +0 pair of gloves (worn)
   (You bought it in a shop on level 2 of the Dungeon)
 l - a +0 pair of boots (worn)
   (You bought it in a shop on level 2 of the Dungeon)
 o - a +0 robe
   (You took it off a wight on level 7 of the Dungeon)
 s - a +0 robe
   (You took it off a wight on level 7 of the Dungeon)
 t - a +0 robe
   (You took it off a wight on level 8 of the Dungeon)
 w - a +0 robe
   (You took it off a wight on level 8 of the Dungeon)
 D - a +2 robe of willpower
   (You took it off Psyche on level 8 of the Dungeon)
 G - a +0 robe of the Archmagi
   (You took it off Pikel on level 7 of the Dungeon)
 K - a +0 scale mail
   (You took it off an orc priest on level 8 of the Dungeon)
 L - a +0 ring mail
   (You found it on level 8 of the Dungeon)
 M - the +1 helmet of the Moon Troll (worn) {Int+3}
   (You found it on level 8 of the Dungeon)

   Int:       It affects your intelligence (+3).
 N - a +0 ring mail
   (You took it off an orc on level 9 of the Dungeon)
 O - a +0 ring mail
   (You took it off an orc on level 9 of the Dungeon)
 Q - a +0 leather armour
   (You found it on level 9 of the Dungeon)
 S - +0 steam dragon scales
   (You found it on level 9 of the Dungeon)
 T - a +0 robe
   (You took it off an orc wizard on level 9 of the Dungeon)
 U - a +0 plate armour
   (You took it off an orc warrior on level 9 of the Dungeon)
 V - a +0 leather armour
   (You took it off an orc on level 9 of the Dungeon)
 W - a +0 robe
   (You took it off an orc wizard on level 9 of the Dungeon)
Jewellery
 q - an amulet of magic regeneration (around neck)
   (You found it on level 7 of the Dungeon)
 v - a ring of see invisible (left hand)
   (You found it on level 1 of the Dungeon)
 F - a ring of protection from fire
   (You found it on level 4 of the Dungeon)
 I - a +6 ring of intelligence (right hand)
   (You found it on level 2 of the Dungeon)
 P - the ring "Notu" {rElec rF- Int+6 Dex+4 SInv}
   (You found it on level 9 of the Dungeon)

   [ring of intelligence]

   Int:       It affects your intelligence (+6).
   Dex:       It affects your dexterity (+4).
   rF:        It makes you vulnerable to fire.
   rElec:     It insulates you from electricity.
   SInv:      It lets you see invisible.
Wands
 p - a wand of digging (3)
   (You found it on level 4 of the Dungeon)
 J - a wand of iceblast (3)
   (You took it off Pikel on level 7 of the Dungeon)
Scrolls
 b - 4 scrolls of immolation {!r!r}
 c - 4 scrolls of identify {@r1}
 d - a scroll of enchant armour
 h - a scroll of enchant weapon
 n - 2 scrolls of magic mapping {!r}
 u - a scroll of silence {!r}
 x - 8 scrolls of teleportation {@r4}
 z - 2 scrolls of fear
 A - a scroll of torment
 B - a scroll of fog
 C - a scroll of vulnerability {!r!r}
 H - a scroll of noise {unknown}
 X - a scroll of brand weapon {unknown}
 Y - a scroll of amnesia {unknown}

Dungeon Overview and Level Annotations

Branches:
Dungeon (10/15)            Temple (0/1) D:7            Lair (0/6) D:8
    Orc: D:9-12

Altars:
Elyvilon

Shops:
D:2 [   D:4 (   D:10 *

Annotations:
D:9 3 runed translucent doors, bande's ghost, journeyman GrFi
Abyss:1 Edmund; Erolcha; Joseph; Josephine

*,*,,,,,,,,,,,*,*
*,*,***,*,,*,**,*
,,*,***,,,,,,**,* ########
,,*,*,*,*,,,,,,,* #......#*####
,,,,,,,,,,,****#####∩####.##...#
,,,,,,****** #...........<.#,*
,,,**,* #.###.####.##...#*
,****,** #.# #......#*#.... ,*
*,,,* #@# ######## *#### **
*,,,* #W### *,, *,,,* ##...####
*,* *,,,* #.......#****** *,*
****,,,*##***##....##.#,,,,,*
*,>
,,,,,,,,....##..>..##,#,,,,,*
*,,
,,,,,,,.........#.......,,,,*
*,,
,,,,,,,.....###.#.###.#.,,,,*
*,, ****,,,####**
#.......#,,,,,* **,


You could see a wraith.


Message History

You destroy the wraith!
Lugonu accepts your kill.
You hit the wraith.
You destroy the wraith!
Lugonu accepts your kill.
A wraith comes into view.
Josephine barely misses you.
Your Spellcasting skill increases to level 8! 😕 HP[+1]
You slash Josephine!
Josephine completely misses you. 😕 MP[+1]
You closely miss Josephine. You closely miss the wraith. The wraith hits you!
The wraith drains your vigour!
You feel as though you will be slow longer.
Josephine hits you with a +0 dagger. 😮 HP[-13] MP[+1]
You take 13 damage, and now have 60/87 hp.
You slash Josephine! You hit the wraith.
The wraith hits you but does no damage. Josephine hits you but does no damage.
The wraith hits you but does no damage.
Josephine points at you and mumbles some strange words.
You convulse!
* * * LOW HITPOINT WARNING * * *
😨 HP[-20] MP[+1]
You take 20 damage, and now have 40/87 hp.
MASSIVE DAMAGE!! (PAUSE)
You barely miss Josephine. You hit the wraith but do no damage.
The wraith hits you but does no damage. Josephine casts a spell at you.
You convulse!
* * * LOW HITPOINT WARNING * * *
😱 HP[-26]
You take 26 damage, and now have 14/87 hp.
MASSIVE DAMAGE!! (PAUSE) Really read
y - a scroll of blinking {!r}?
Blink to where?
Press: ? - help, Dir - move target
As you read the scroll of blinking {!r}, it crumbles to dust. 😱 MP[+1] 😱 HP[+1] MP[+1]
Your mp is fully restored (23). 😱 HP[+1] 😱 HP[+1]
Press: ? - help, Shift-Dir - straight line, f - Josephine
Aim: Josephine, wielding a +0 dagger and wearing a +0 robe (moderately wounded, chance to affect: 53%) Josephine is devoured by a tear in reality.
Lugonu claims a new guest.
Your Summonings skill increases to level 6! 😱 HP[+1] MP[-3]
You lost 3 mp, and now have 20/23 mp. 😱 MP[+1] 😱 MP[+1]
Okay, then.
There is a stone staircase leading down here. 😱 HP[+1] MP[+1]
Your mp is fully restored (23).
You closely miss the wraith. The wraith barely misses you.
Okay, then.
Space bends violently around you!
You blink.
The wraith barely misses you.
The wraith hits you but does no damage. 😱 HP[-2]
You take 2 damage, and now have 17/87 hp.
Unknown command.
Space bends violently around you!
You blink. 😱 HP[-1] MP[-1]
You take 1 damage, and now have 16/87 hp.
You lost 1 mp, and now have 22/23 mp.
Unknown command.
The wraith barely misses you. 😱 MP[+1]
Your mp is fully restored (23).
The wraith misses you. 😱 HP[+1]
You slice the wraith!!
You feel yourself speed up. The wraith misses you.
You barely miss the wraith. The wraith hits you.
* * * LOW HITPOINT WARNING * * *
The wraith drains your vigour!
You feel yourself slow down. 😱 HP[-3]
You take 3 damage, and now have 14/87 hp.
You slash the wraith!
You destroy the wraith!
Lugonu accepts your kill. 😱 HP[+1]
You hit the wraith. The wraith closely misses you.
You slash the wraith!
The wraith hits you but does no damage. x2
You hit the wraith. The wraith closely misses you. 😱 HP[+1]
You barely miss the wraith. The wraith hits you.
* * * LOW HITPOINT WARNING * * *
The wraith drains your vigour!
You feel as though you will be slow longer. 😱 HP[-5]
You take 5 damage, and now have 11/87 hp.
You closely miss the wraith. The wraith barely misses you. The wraith hits you!
You die...

Skill      XL: |  1  2  3  4  5  6  7  8  9 10 11 |
---------------+----------------------------------+-----
Dodging        | 1 2 3 4 5 6 |  6.6
Invocations    | 2 3 4 5 6 7 |  7.4
Polearms       | 2 |  2.1
Spellcasting   | 2 3 4 5 7 8 |  8.1
Fighting       | 4 6 7 8 |  8.4
Axes           | 1 2 3 4 5 6 |  6.3
Summonings     | 1 3 4 5 6 |  6.0
Armour         | |  1.5

Action                   |  1- 3 |  4- 6 |  7- 9 | 10-12 || total
-------------------------+-------+-------+-------+-------++-------
Melee: Spear             |   126 |       |       |       ||   126
       Broad axe         |       |    72 |   275 |   341 ||   688
       Punch             |       |     2 |     3 |     4 ||     9
Throw: Dart              |       |    12 |     7 |     8 ||    27
       Boomerang         |       |       |     4 |       ||     4
 Cast: Frozen Ramparts   |       |       |     1 |     2 ||     3
       Summon Ice Beast  |       |       |       |     5 ||     5
Invok: Banish            |       |     1 |     3 |     4 ||     8
       Bend Space        |       |     1 |     4 |    14 ||    19
       Depart the Abyss  |       |       |       |     1 ||     1
Evoke: Wand              |       |       |     6 |    10 ||    16
  Use: Scroll            |     4 |     1 |    10 |     3 ||    18
Armor: Ring mail         |    42 |    44 |   131 |   119 ||   336
Dodge: Dodged            |    55 |    68 |   171 |   235 ||   529

Levels and vault maps discovered:
D:1:      grunt_arrival_crossed_arrows, layout_rooms
D:2:      layout_basic, serial_shops, shop
D:3:      layout_rooms, supply_closet_lemuel, hangedman_glass_teeth
D:4:      layout_gridville, serial_shops, shop_fountains, uniq_edmund
D:5:      layout_cave_pools
D:6:      layout_basic, ebering_dispersal_statue_hall, centaur_isle
D:7:      layout_basic, nicolae_elyvilon_temple_path,
          minmay_temple_entry_offerings, kennysheep_generic_room_12,
          uniq_joseph, uniq_pikel
D:8:      layout_basic, dpeg_lair_monsters, uniq_psyche
D:9:      layout_loops_ring, gammafunk_ghost_split
D:10:     layout_loops_cross, serial_shops, shop, enter_bailey_2,
          columned_hall_lemuel, patterned_corridor, uniq_maggie, uniq_josephine,
          uniq_erolcha

Notes
Turn   | Place    | Note
-------+----------+-------------------------------------------
     0 | Abyss:1  | spiderkeys the Mummy Abyssal Knight began the quest for the
                  | Orb.
     0 | Abyss:1  | Reached XP level 1. HP: 18/18 MP: 2/2
     0 | Abyss:1  | magus.rc [v1.11.3]
     7 | Abyss:1  | Found a shimmering altar of Xom.
    13 | D:1      | You pass through the gate.
    13 | D:1      | Escaped the Abyss
   101 | D:1      | Reached skill level 1 in Dodging
   149 | D:1      | Reached XP level 2. HP: 17/24 MP: 3/3
   275 | D:1      | You pick up a book of Rime and begin reading...
   275 | D:1      | You add the spells Frozen Ramparts and Summon Ice Beast to
                  | your library.
   485 | D:1      | Reached skill level 2 in Invocations
   964 | D:2      | HP: 3/24 [worm (7)]
   966 | D:2      | Reached skill level 2 in Polearms
   966 | D:2      | Gained mutation: You are in touch with the powers of death.
                  | [Mummy growth]
   966 | D:2      | Reached XP level 3. HP: 4/29 MP: 4/4
  1283 | D:2      | Reached *** piety under Lugonu
  1535 | D:2      | Found Daagiotuff's Armour Emporium.
  1551 | D:2      | Bought a +0 pair of gloves for 58 gold pieces
  1551 | D:2      | Bought a +0 pair of boots for 58 gold pieces
  2075 | D:3      | Reached XP level 4. HP: 35/35 MP: 5/5
  2106 | D:3      | Identified the +4 broad axe of Havoc {speed, Int+5}
  2326 | D:4      | HP: 6/35 [gnoll/+0 flail (6)]
  2666 | D:4      | Reached skill level 1 in Spellcasting
  2827 | D:4      | Noticed Edmund
  2833 | D:4      | Banished Edmund
  2834 | D:4      | Reached skill level 4 in Fighting
  2834 | D:4      | Reached skill level 1 in Axes
  2834 | D:4      | Reached skill level 2 in Dodging
  2834 | D:4      | Reached skill level 2 in Spellcasting
  2834 | D:4      | Reached XP level 5. HP: 42/42 MP: 1/8
  2933 | D:4      | You pick up a book of Displacement and begin reading...
  2933 | D:4      | You add the spells Lesser Beckoning, Gell's Gravitas and
                  | Teleport Other to your library.
  2944 | D:4      | Noticed a centaur
  2952 | D:4      | Killed a centaur
  2953 | D:4      | Reached skill level 3 in Invocations
  2953 | D:4      | Reached XP level 6. HP: 40/48 MP: 9/9
  3236 | D:4      | Learned a level 4 spell: Summon Ice Beast
  3255 | D:4      | Found Xehurul's Antique Weapon Emporium.
  3517 | D:5      | Entered Level 5 of the Dungeon
  3900 | D:5      | Noticed an ice beast
  3902 | D:5      | Reached skill level 3 in Spellcasting
  4013 | D:4      | Reached XP level 7. HP: 35/55 MP: 11/11
  4017 | D:4      | Reached skill level 2 in Axes
  4017 | D:4      | Reached skill level 1 in Summonings
  4183 | D:5      | Reached **** piety under Lugonu
  4219 | D:4      | Reached skill level 3 in Dodging
  4616 | D:5      | Reached skill level 4 in Spellcasting
  4845 | D:5      | Identified the +4 rapier of the Exiled Hells {freeze, rCorr
                  | Str-2 Stlth+}
  4989 | D:5      | Reached skill level 4 in Invocations
  4994 | D:5      | Reached XP level 8. HP: 44/61 MP: 14/14
  5319 | D:6      | Reached skill level 5 in Fighting
  5319 | D:6      | Reached skill level 2 in Summonings
  5609 | D:6      | Reached skill level 3 in Axes
  6400 | D:6      | Reached skill level 5 in Spellcasting
  6576 | D:6      | Reached skill level 4 in Dodging
  7130 | D:7      | Identified a +0 robe of the Archmagi
  7130 | D:7      | Noticed Pikel
  7280 | D:7      | Killed Pikel
  7281 | D:7      | Reached skill level 6 in Fighting
  7281 | D:7      | Reached skill level 3 in Summonings
  7281 | D:7      | Reached skill level 5 in Invocations
  7281 | D:7      | Reached XP level 9. HP: 43/69 MP: 16/16
  7534 | D:7      | Noticed Joseph
  7535 | D:7      | Banished Joseph
  7536 | D:7      | Reached skill level 4 in Axes
  7692 | D:7      | Noticed a gargoyle
  7695 | D:7      | Banished a gargoyle
  7707 | D:7      | Found a staircase to the Ecumenical Temple.
  7714 | D:7      | You pick up a book of Armaments and begin reading...
  7714 | D:7      | You add the spells Stone Arrow, Animate Armour and
                  | Lehudib's Crystal Spear to your library.
  7719 | D:7      | Learned a level 3 spell: Frozen Ramparts
  7770 | D:7      | Reached skill level 4 in Summonings
  8178 | D:6      | HP: 14/71 [orc wizard/puff of flame (21)]
  8505 | D:6      | Reached skill level 5 in Dodging
  9265 | D:8      | Noticed Psyche
  9281 | D:8      | Killed Psyche
  9282 | D:8      | Reached XP level 10. HP: 47/77 MP: 18/18
  9487 | D:7      | Reached skill level 6 in Invocations
  9785 | D:8      | Reached skill level 7 in Fighting
  9815 | D:8      | Noticed a death yak
  9868 | D:8      | Noticed a death yak
  9868 | D:8      | Noticed a death yak
  9870 | D:8      | Found a staircase to the Lair.
 10186 | D:8      | Reached skill level 6 in Spellcasting
 10353 | D:8      | Killed a death yak
 10354 | D:8      | Reached skill level 5 in Axes
 10355 | D:8      | Killed a death yak
 10383 | D:8      | Killed a death yak
 10384 | D:8      | Reached skill level 5 in Summonings
 10770 | D:8      | Identified the +1 helmet of the Moon Troll {Int+3}
 11484 | D:9      | Reached skill level 7 in Spellcasting
 11550 | D:9      | Noticed bande's ghost (journeyman GrFi)
 11813 | D:9      | Reached skill level 6 in Dodging
 11820 | D:9      | HP: 7/80 [yak (14)]
 12161 | D:8      | Reached XP level 11. HP: 47/86 MP: 21/21
 12329 | D:9      | Found a runed translucent gate.
 12329 | D:9      | Identified the ring "Notu" {rElec rF- Int+6 Dex+4 SInv}
 12416 | D:9      | Found a runed translucent gate.
 12417 | D:9      | Found a runed translucent gate.
 12475 | D:9      | HP: 18/86 [yak (7)]
 12478 | D:9      | HP: 8/86 [yak (11)]
 12851 | D:8      | Reached skill level 7 in Invocations
 12925 | D:8      | Reached skill level 8 in Fighting
 13973 | D:8      | Reached skill level 6 in Axes
 14623 | D:10     | Entered Level 10 of the Dungeon
 14638 | D:9      | HP: 17/86 [ice devil[a kobold demonologist] (9)]
 14984 | D:10     | Found Zetzuvav's Assorted Antiques.
 14994 | D:10     | Bought a scroll labelled YTONUE TYTHYR for 23 gold pieces
 14994 | D:10     | Bought a scroll labelled CIGGAEGOUL for 23 gold pieces
 15017 | D:10     | Found a flagged portal.
 15020 | D:10     | Noticed Erolcha
 15022 | D:10     | You are cast into the Abyss!
 15022 | D:10     | Cast into level 1 of the Abyss (Erolcha)
 15056 | D:10     | You pass through the gate.
 15056 | D:10     | Escaped the Abyss
 15057 | D:10     | Noticed Josephine
 15059 | D:10     | Banished Erolcha
 15065 | D:10     | Reached skill level 8 in Spellcasting
 15068 | D:10     | HP: 14/87 [Josephine/dispel undead (26)]
 15078 | D:10     | Banished Josephine
 15079 | D:10     | Reached skill level 6 in Summonings
 15089 | D:10     | HP: 14/87 [wraith[Josephine] (3)]
 15094 | D:10     | HP: 11/87 [wraith[Josephine] (5)]
 15095 | D:10     | Slain by a wraith

Vanquished Creatures
  3 death yaks (D:8)
  Pikel (D:7)
  Psyche (D:8)
  2 kobold demonologists (D:9)
  A hornet (D:9)
  A vampire (D:8)
  A wyvern (D:9)
  13 yaks
  3 wraiths (D:10)
  A steam dragon (D:9)
  A sky beast (D:7)
  3 black bears
  2 orc warriors
  3 ice beasts
  4 centaurs
  4 lemures (D:6)
  2 phantoms (D:4)
  A kobold brigand (D:8)
  2 necrophages
  4 bullfrogs
  3 scorpions
  7 wights
  14 killer bees
  3 nameless horrors (D:9)
  An electric eel (D:7)
  2 howler monkeys
  3 jellies
  A hound (D:7)
  7 orc priests
  An iguana (D:6)
  6 orc wizards
  A hell rat (D:7)
  3 adders
  12 gnolls
  3 river rats (D:8)
  3 ufetubi
  A worm (D:2)
  A dart slug (D:4)
  34 orcs
  3 ball pythons
  4 bats
  6 endoplasms
  4 giant cockroaches
  4 goblins
  6 hobgoblins
  9 jackals
  13 kobolds
  5 quokkas
  2 frilled lizards
  2 rats
217 creatures vanquished.

Vanquished Creatures (collateral kills)
  2 yaks
  A kobold brigand (D:9)
  A kobold (D:9)
4 creatures vanquished.

Vanquished Creatures (others)
  A plant (D:7)
1 creature vanquished.

Grand Total: 222 creatures vanquished

Table legend:
 A = Non-vault XP
 B = Vault XP
 C = Vault XP percentage of total XP
 D = Non-vault monster count
 E = Vault monster count
 F = Vault count percentage of total count
                 A         B        C        D         E       F
            +---------+---------+-------+---------+---------+-------
      Total |   10621 |    6692 |  38.7 |     203 |      18 |   8.1
            +---------+---------+-------+---------+---------+-------
        D:1 |      30 |       0 |   0.0 |      16 |       0 |   0.0
        D:2 |      55 |       0 |   0.0 |      16 |       0 |   0.0
        D:3 |     114 |       0 |   0.0 |      14 |       0 |   0.0
        D:4 |     808 |     171 |  17.5 |      35 |       1 |   2.8
        D:5 |     302 |       0 |   0.0 |      18 |       0 |   0.0
        D:6 |    1299 |       0 |   0.0 |      22 |       0 |   0.0
        D:7 |    1388 |    1348 |  49.3 |      20 |       5 |  20.0
        D:8 |    2524 |    2827 |  52.8 |      26 |       7 |  21.2
        D:9 |    4101 |       0 |   0.0 |      36 |       0 |   0.0
       D:10 |       0 |    2346 | 100.0 |       0 |       5 | 100.0
            +---------+---------+-------+---------+---------+-------

Illustrated notes

Table legend:
 A = Kills in this place as a percentage of kills in entire the game.
 B = Kills by you in this place as a percentage of kills by you in the entire game.
 C = Kills by friends in this place as a percentage of kills by friends in the entire game.
 D = Other kills in this place as a percentage of other kills in the entire game.
 E = Experience gained in this place as a percentage of experience gained in the entire game.
 F = Experience gained in this place divided by the number of levels of this place that you have seen.
                   A       B       C       D       E      F
               +-------+-------+-------+-------+-------+----------------------
         Total | 100.0 | 100.0 | 100.0 | 100.0 | 100.0 | 1442.8
       Dungeon | 100.0 | 100.0 | 100.0 | 100.0 | 100.0 | 1731.3
               +-------+-------+-------+-------+-------+----------------------

Table legend: (Time is in decaauts)
 A = Elapsed time spent in this place.
 B = Non-inter-level travel time spent in this place.
 C = Inter-level travel time spent in this place.
 D = Time resting spent in this place.
 E = Time spent auto-exploring this place.
 F = Levels seen in this place.
 G = Mean time per level.
                   A        B        C        D        E       F      G
               +--------+--------+--------+--------+--------+-----+--------+
         Total |  15082 |  14622 |    460 |   4784 |   7266 |  12 | 1256.8 |
       Dungeon |  15035 |  14575 |    460 |   4784 |   7260 |  10 | 1503.5 |
         Abyss |     46 |     46 |      0 |      0 |      6 |   2 |   23.0 |
               +--------+--------+--------+--------+--------+-----+--------+

Top non-repeatable levels by time:
     D:8: 2711 daAuts
     D:6: 2341 daAuts
     D:7: 2272 daAuts
     D:9: 2144 daAuts
     D:4: 1546 daAuts
     D:5: 1145 daAuts
     D:3: 1086 daAuts
     D:2: 987 daAuts
     D:1: 704 daAuts
    D:10: 93 daAuts
 Abyss:1: 46 daAuts
